 Dungeon Crawl Stone Soup version 0.23.2 (webtiles) character file.

Game seed: 6931873978334026249

392 diana the Slasher (level 6, -6/44 HPs)
             Began as a Demonspawn Gladiator on Apr 6, 2019.
             Was an Initiate of Okawaru.
             Mangled by a black bear (7 damage)
             ... on level 3 of the Dungeon.
             The game lasted 00:08:01 (3026 turns).

diana the Slasher (Demonspawn Gladiator)            Turns: 3026, Time: 00:08:01

Health: -6/44      AC: 13    Str: 16    XL:     6   Next: 50%
Magic:  0/6        EV:  3    Int:  9    God:    Okawaru [......]
Gold:   130        SH: 13    Dex: 19    Spells: 5/5 levels left

rFire    + . .     SeeInvis .   a - +0 long sword
rCold    x . .     Gourm    .   w - +2 large shield {AC+3}
rNeg     . . .     Faith    .   h - +0 chain mail
rPois    .         Spirit   +   c - +0 helmet
rElec    .         Reflect  .   (no cloak)
rCorr    .         Harm     .   q - +0 pair of gloves
MR       .....                  (no boots)
Stlth    ..........             (no amulet)
HPRegen  0.14/turn              k - +4 ring of dexterity
MPRegen  0.10/turn              s - ring of fire

@: no status effects
A: powered by pain 2, magic shield
a: Renounce Religion


You were on level 3 of the Dungeon.
You worshipped Okawaru.
Okawaru was noncommittal.
You were near starving.

You visited 1 branch of the dungeon, and saw 4 of its levels.

You collected 130 gold pieces.

Inventory:

Hand Weapons
 a - a +0 long sword (weapon)
Missiles
 d - a throwing net (quivered)
Armour
 b - a +0 leather armour
 c - a +0 helmet (worn)
 e - a +0 shield
 h - a +0 chain mail (worn)
 q - a +0 pair of gloves (worn)
 w - a +2 large shield of protection (worn)
Jewellery
 k - a +4 ring of dexterity (left hand)
 s - a ring of fire (right hand)
Scrolls
 i - a scroll of teleportation
 j - 2 scrolls of amnesia
 n - a scroll of enchant armour {unknown}
 o - 3 scrolls of identify {unknown}
 r - a scroll of random uselessness {unknown}
 u - a scroll of magic mapping {unknown}
Potions
 g - 2 potions of degeneration {unknown}
 l - a potion of invisibility {unknown}
 m - 2 potions of flight
 p - a potion of brilliance
 t - a potion of lignification {unknown}
 v - a potion of curing
Comestibles
 f - 4 rations


   Skills:
 - Level 2.0 Fighting
 * Level 6.8 Long Blades
 - Level 1.7 Throwing
 - Level 2.6 Dodging


You had 5 spell levels left.
You didn't know any spells.
Your spell library was empty.

Dungeon Overview and Level Annotations

Branches:
Dungeon (4/15)
 Temple: D:4-7

Altars:
Okawaru
Qazlal
Zin


Innate Abilities, Weirdness & Mutations

You sometimes gain power by taking damage.
When hurt, damage is shared between your health and your magic reserves.


Message History

You hit the black bear.
The black bear is almost dead.
The black bear struggles against the net.
The net rips apart, and the black bear comes free!
The black bear bites you.
* * * LOW HITPOINT WARNING * * *
The black bear claws you.
* * * LOW HITPOINT WARNING * * *
The black bear barely misses you. The black bear bites you.
* * * LOW HITPOINT WARNING * * *
You block the black bear's attack. The black bear claws you.
* * * LOW HITPOINT WARNING * * *
Throwing (i - inventory)
d - 2 throwing nets (quivered)
Press: ? - help, Shift-Dir - straight line, f/p - black bear
Aim: a black bear (almost dead, berserk, fast, unusually strong)
You throw a throwing net.
The throwing net completely misses the black bear.
You block the black bear's attack. The black bear barely misses you.
You block the black bear's attack. The black bear bites you!
You die...

#.###########.#####
#.# #...........## #.#
#.#####.###... #.# #.#
#.###### #.#
##.#####.##.... #.#
#...........#.. #.#
#..#####.####..
#>####..#####.# #...
#(h@..........###.#.
######.#.######...##
##.#.#####.....#
######..............#
#.......#.#####.)...#
#.####..............#
##.......#.#####.#....
#...........# #.#.#.#
#..##.#..#..# #.#.#.#


You could see a black bear (berserk).

Vanquished Creatures
  2 orc priests
  A hound (D:2)
  An orc wizard (D:4)
  Natasha (thrice) (D:2)
  10 adders
  An adder skeleton (D:3)
  7 worms
  2 leopard geckos (D:1)
  9 orcs (D:3)
  6 giant cockroaches
  6 goblins
  7 hobgoblins
  7 jackals
  5 quokkas
  6 bats
  5 frilled lizards
  5 kobolds
  5 rats
88 creatures vanquished.

Notes
Turn   | Place    | Note
-------+----------+-------------------------------------------
     0 | D:1      | diana the Demonspawn Gladiator began the quest for the Orb.
     0 | D:1      | Reached XP level 1. HP: 16/16 MP: 1/1
    82 | D:1      | Reached skill level 3 in Long Blades
   158 | D:1      | Gained mutation: You sometimes gain a little power by
                  | taking damage. [demonic ancestry]
   158 | D:1      | Reached XP level 2. HP: 22/22 MP: 2/2
   748 | D:2      | Reached XP level 3. HP: 18/27 MP: 3/3
   822 | D:2      | Reached skill level 4 in Long Blades
   875 | D:2      | Gained mutation: When hurt, damage is shared between your
                  | health and your magic reserves. [demonic ancestry]
   875 | D:2      | Reached XP level 4. HP: 17/33 MP: 4/4
   926 | D:2      | Found a glowing silver altar of Zin.
  1254 | D:2      | Noticed Natasha
  1260 | D:2      | Killed Natasha
  1260 | D:2      | Reached skill level 5 in Long Blades
  1389 | D:2      | Gained mutation: You sometimes gain power by taking damage.
                  | [demonic ancestry]
  1389 | D:2      | Reached XP level 5. HP: 25/38 MP: 3/5
  1539 | D:2      | Noticed Natasha
  1556 | D:2      | Killed Natasha
  1614 | D:2      | Noticed Natasha
  1624 | D:2      | Killed Natasha
  1903 | D:3      | Reached skill level 6 in Long Blades
  2330 | D:3      | Reached XP level 6. HP: 26/44 MP: 4/6
  2392 | D:3      | Found an iron altar of Okawaru.
  2408 | D:3      | Became a worshipper of Warmaster Okawaru
  2855 | D:4      | Found a stormy altar of Qazlal.
  3022 | D:3      | HP: 2/44 [black bear (6)]
  3026 | D:3      | Mangled by a black bear

Skill      XL: |  1  2  3  4  5 |
---------------+----------------+-----
Long Blades    | 3 4 5 6 |  6.8
Fighting       | |  2.0
Throwing       | |  1.7
Dodging        | |  2.6

Action                   |  1- 3 |  4- 6 || total
-------------------------+-------+-------++-------
Melee: Long sword        |   109 |   278 ||   387
Throw: Throwing net      |       |     2 ||     2
  Use: Potion            |     1 |     4 ||     5
       Scroll            |       |     2 ||     2
 Stab: Held in net/web   |       |     1 ||     1
  Eat: Chunk             |       |     6 ||     6
Armor: Leather armour    |     9 |       ||     9
       Chain mail        |   120 |   198 ||   318
Dodge: Dodged            |    40 |    54 ||    94
Block: Shield            |    69 |    89 ||   158
       Large shield      |       |    61 ||    61
       Rpst.: Long sword |    14 |    17 ||    31
